 Dungeon Crawl Stone Soup version 0.28-b1-1-g3c77fb2ed1 (webtiles) character file.

Game seed: 10550435358525463344

312 unlimited1921 the Skirmisher (level 6, -11/56 HPs)
             Began as a Minotaur Fighter on Jan 30, 2022.
             Mangled by a two-headed ogre (15 damage)
             ... on level 7 of the Dungeon.
             The game lasted 00:13:58 (3350 turns).

unlimited1921 the Skirmisher (Minotaur Fighter)     Turns: 3350, Time: 00:13:59

Health: -11/56     AC: 13    Str: 22    XL:     6   Next: 18%
Magic:  5/5        EV: 12    Int:  5    God:
Gold:   216        SH:  0    Dex: 10    Spells: 5/5 levels left

rFire   + . .      SeeInvis .   a - +0 war axe
rCold   . . .      Faith    .   k - orb {*Rage}
rNeg    + . .      Spirit   .   n - +2 chain mail "Qesueduc" {rN+}
rPois   .          Reflect  .   (helmet restricted)
rElec   .          Harm     .   o - +1 cloak
rCorr   .          Rampage  .   (no gloves)
Will    .....      Rage     20% (no boots)
Stlth   ..........              (no amulet)
HPRegen 0.18/turn               b - +4 ring of evasion
MPRegen 0.09/turn               r - ring of protection from fire

@: no status effects
A: horns 2, retaliatory headbutt
a: no special abilities


You were on level 7 of the Dungeon.
You visited 1 branch of the dungeon, and saw 5 of its levels.

You collected 216 gold pieces.

Inventory:

Hand Weapons
 a - a +0 war axe (weapon)
 h - a +0 glaive
 p - a +0 short sword
 B - a +0 hunting sling
Missiles
 m - 5 poisoned darts
 q - 4 boomerangs (quivered)
 s - 17 bolts
 C - 22 stones
Armour
 c - a +0 buckler
 k - an orb of wrath (worn)
 n - the +2 chain mail "Qesueduc" (worn) {rN+}
   (You found it on level 2 of the Dungeon)

   rN:        It protects you from negative energy.
 o - a +1 cloak (worn)
Jewellery
 b - a +4 ring of evasion (left hand)
 r - a ring of protection from fire (right hand)
Wands
 x - a wand of digging (3)
 D - a wand of iceblast (10)
Scrolls
 e - a scroll of enchant armour
 j - a scroll of immolation {unknown}
 u - a scroll of vulnerability {unknown}
 v - a scroll of torment {unknown}
 w - a scroll of amnesia {unknown}
 y - a scroll of fear {unknown}
 A - 5 scrolls of teleportation
 E - a scroll of magic mapping {unknown}
 F - a scroll of fog {unknown}
Potions
 d - 2 potions of might
 f - a potion of curing {unknown}
 g - 2 potions of attraction
 i - 2 potions of heal wounds {unknown}
 l - 2 potions of invisibility {unknown}
 t - a potion of haste {unknown}
 z - a potion of brilliance {unknown}


   Skills:
 * Level 5.3 Fighting
 + Level 4.9 Axes
 * Level 1.1 Throwing
 + Level 4.7 Armour
 + Level 0.1 Dodging
 + Level 4.7 Shields


You had 5 spell levels left.
You didn't know any spells.
Your spell library contained the following spells:

 Spells                   Type           Power      Damage    Failure   Level
 Foxfire                  Conj/Fire      0%         2x1d4     99%         1
 Conjure Flame            Conj/Fire      0%         6-21      100%        3
 Inner Flame              Hex/Fire       0%         N/A       100%        3
 Flame Wave               Conj/Fire      0%         2d4       100%        4


Dungeon Overview and Level Annotations

Branches:
Dungeon (7/15)
 Temple: D:4-7

Altars:


Innate Abilities, Weirdness & Mutations

You have a pair of horns on your head.
You reflexively headbutt those who attack you in melee.


Message History

Found 18 gold pieces.
F - a scroll labelled ZOLIOM QUTO You now have 201 gold pieces (gained 18).
Found 15 gold pieces.
You now have 216 gold pieces (gained 15).
A two-headed ogre comes into view.
It is wielding a +0 giant club and a +0 dire flail.
The two-headed ogre shouts in stereo!
Throw: 4 boomerangs
Press: ? - help, Q - select action, (/) - cycle Shift-Dir - straight line, f - two-headed ogre
Aim: a two-headed ogre, wielding a +0 giant club and a +0 dire flail (73% to hit)
You throw a boomerang. The boomerang hits the two-headed ogre.
The two-headed ogre is lightly wounded.
You slash the two-headed ogre! You headbutt the two-headed ogre!
The two-headed ogre is moderately wounded.
The two-headed ogre hits you with a +0 giant club!
The two-headed ogre hits you but does no damage.
You slash the two-headed ogre!
Your headbutt misses the two-headed ogre.
The two-headed ogre is heavily wounded.
The two-headed ogre hits you with a +0 giant club!!
The two-headed ogre misses you.
You are too injured to fight recklessly!
You hit the two-headed ogre. You headbutt the two-headed ogre!
The two-headed ogre is heavily wounded.
The two-headed ogre misses you.
The two-headed ogre hits you with a +0 dire flail.
The two-headed ogre barely misses you.
The two-headed ogre completely misses you.
Throw: 4 boomerangs
Press: ? - help, Q - select action, (/) - cycle Shift-Dir - straight line, f/p - two-headed ogre
Aim: a two-headed ogre, wielding a +0 giant club and a +0 dire flail (heavily wounded, 73% to hit)
You throw a boomerang.
The boomerang barely misses the two-headed ogre.
The two-headed ogre hits you with a +0 giant club!
* * * LOW HITPOINT WARNING * * *
The two-headed ogre hits you with a +0 dire flail!
* * * LOW HITPOINT WARNING * * *
There is a stone staircase leading up here.
The two-headed ogre hits you with a +0 giant club!
You die...

.#.#####################.#
.#...............#.....#.#
.###############.#.###.#.#
.# #.#.###.#.### ##
#######.#.........# .#
#.......#####.#.#.# .##
#.....<...# #.#.#.# ..#
#......O..# #.#.#.#
..########....(.@..#
#.#.#.#
.................###
#.#.#.######
...#######......##
#.#.#....... ...# #......#
#.#.#.###### ...# #......#
#.#.#.# ...#######.>....#
#.#.#.# .................#
#.#.#.# ..).############.#
#.#.#.# .#..# .# #.#.#.#


You could see a two-headed ogre.

Vanquished Creatures
  A jelly (D:7)
  An orc priest (D:4)
  2 orc wizards
  A howler monkey zombie (D:7)
  7 adders
  3 ufetubi (D:4)
  3 worms
  A dart slug (D:4)
  8 orcs
  9 endoplasms
  5 giant cockroaches
  5 goblins
  4 hobgoblins
  11 jackals
  7 kobolds
  5 quokkas
  6 ball pythons
  5 bats
  5 frilled lizards
  3 rats
92 creatures vanquished.

Notes
Turn   | Place    | Note
-------+----------+-------------------------------------------
     0 | D:1      | unlimited1921 the Minotaur Fighter began the quest for the
                  | Orb.
     0 | D:1      | Reached XP level 1. HP: 19/19 MP: 0/0
    82 | D:1      | Reached skill level 4 in Fighting
   129 | D:1      | Reached XP level 2. HP: 24/27 MP: 1/1
   742 | D:2      | Reached XP level 3. HP: 34/34 MP: 2/2
   753 | D:2      | Identified the +2 chain mail "Qesueduc" {rN+}
  1026 | D:2      | Reached XP level 4. HP: 41/41 MP: 3/3
  1719 | D:3      | Reached XP level 5. HP: 47/47 MP: 4/4
  1928 | D:3      | Found a faded altar of an unknown god.
  2201 | D:4      | Reached skill level 5 in Fighting
  2653 | D:4      | Reached skill level 1 in Throwing
  2798 | D:4      | Reached XP level 6. HP: 56/56 MP: 5/5
  2806 | D:4      | You fall into a shaft and drop 3 floors!
  3283 | D:7      | Noticed a two-headed ogre
  3335 | D:7      | HP: 1/56 [two-headed ogre (14)]
  3350 | D:7      | Mangled by a two-headed ogre

Illustrated notes

Levels and vault maps discovered:
D:1:      mrwooster_arrival_arrow, layout_loops_ring
D:2:      layout_loops_ring, dk_noncrumbling_4
D:3:      layout_loops_ring, shapermc_ecumenical_altar_mp_vishouse
D:4:      layout_loops_corners, nicolae_concentric_dashed_squares_mild,
          chequers_avenue, chequers_serial_rivers_large_a
D:7:      layout_basic

Skill      XL: |  1  2  3  4  5 |
---------------+----------------+-----
Fighting       | 4 5 |  5.3
Shields        | 4 |  4.7
Armour         | 4 |  4.7
Axes           | 3 4 |  4.9
Throwing       | 1 |  1.1
Dodging        | |  0.1

Action                   |  1- 3 |  4- 6 || total
-------------------------+-------+-------++-------
Melee: War axe           |    70 |   106 ||   176
       Headbutt          |     7 |    11 ||    18
Throw: Dart              |       |     1 ||     1
       Boomerang         |       |     2 ||     2
  Use: Scroll            |       |     2 ||     2
       Potion            |       |     1 ||     1
Armor: Scale mail        |    23 |       ||    23
       Chain mail        |    20 |    50 ||    70
Dodge: Dodged            |    42 |    79 ||   121
Block: Buckler           |    12 |       ||    12
